 Dungeon Crawl Stone Soup version 0.22-a0-147-gfdd7f25 (webtiles) character file.

4261 sankara the Basher (level 10, 0/99 HPs)
             Began as a Gargoyle Fighter on Feb 6, 2018.
             Was an Elder of Makhleb.
             Killed from afar by Joseph (9 damage)
             ... with a wand of acid (5)
             ... on level 9 of the Dungeon on Feb 7, 2018.
             The game lasted 00:34:14 (9251 turns).

sankara the Basher (Gargoyle Fighter)               Turns: 9251, Time: 00:34:15

Health: 0/99       AC: 16    Str: 28    XL:     10   Next: 31%
Magic:  11/11      EV:  9    Int:  9    God:    Makhleb [****..]
Gold:   548        SH: 10    Dex: 11    Spells: 9/9 levels left

rFire    . . .     SeeInvis .   a - +0 whip (venom)
rCold    . . .     Gourm    .   T - +0 shield
rNeg     + . .     Faith    .   k - +0 chain mail
rPois    ∞         Spirit   .   v - +1 helmet
rElec    +         Reflect  .   (no cloak)
rCorr    .         Harm     .   (no gloves)
MR       .....                  w - +0 pair of boots
Stlth    ..........             L - amulet of regeneration
HPRegen  0.66/turn              J - +3 ring of evasion
MPRegen  0.12/turn              s - +2 ring of dexterity

@: berserking, corroded, very quick
A: negative energy resistance 1, electricity resistance, unbreathing,
petrification resistance, rot immunity, AC +7
a: Minor Destruction, Lesser Servant of Makhleb, Major Destruction, Renounce
Religion


You were on level 9 of the Dungeon.
You worshipped Makhleb.
Makhleb was greatly pleased with you.
You were not hungry.

You visited 2 branches of the dungeon, and saw 10 of its levels.
You also visited: Ossuary.

You collected 548 gold pieces.

Inventory:

Hand Weapons
 a - a +0 whip of venom (weapon)
 b - a +0 hunting sling
 c - a +6 blowgun
 h - a +2 hand axe of chopping
 x - a +0 flail
 D - a +0 flail of protection
 U - a +0 whip of holy wrath
Missiles
 j - 325 stones
 m - 5 needles of paralysis
 p - 49 poisoned needles
 u - 11 tomahawks (quivered)
 y - 75 sling bullets
 E - 7 needles of frenzy
 K - 2 javelins
Armour
 k - a +0 chain mail (worn)
 v - a +1 helmet (worn)
 w - a +0 pair of boots (worn)
 O - the cursed +0 plate armour of Wasted Space {*Drain +Fly rElec SInv}
   (You found it in an ossuary)

   It insulates you from electricity.
   It lets you see invisible.
   It lets you fly.
   It causes draining when unequipped.
   It has a curse placed upon it.
 T - a +0 shield (worn)
Jewellery
 g - an uncursed ring of magical power
 s - a +2 ring of dexterity (right hand)
 G - an uncursed ring of see invisible
 I - an uncursed ring of fire
 J - a +3 ring of evasion (left hand)
 L - an amulet of regeneration (around neck)
Wands
 e - a wand of digging (15)
Scrolls
 l - 4 scrolls of identify
 n - 5 scrolls of teleportation
 o - a scroll of blinking
 q - 6 scrolls of remove curse
 z - a scroll of enchant armour
 H - a scroll of fog
 P - a scroll of fear
Potions
 d - 2 potions of might
 i - a potion of magic
 r - 2 potions of brilliance
 t - a potion of flight
 A - a potion of cancellation
 B - 2 potions of curing
 C - a potion of haste
 N - a potion of agility
 S - a potion of degeneration {unknown}
Books
 F - a book of Flames

   Spells                             Type                      Level
   a - Flame Tongue                   Conjuration/Fire             1
   b - Throw Flame                    Conjuration/Fire             2
   c - Conjure Flame                  Conjuration/Fire             3
   d - Inner Flame                    Hexes/Fire                   3
   e - Sticky Flame                   Conjuration/Fire             4
   f - Fireball                       Conjuration/Fire             5
Comestibles
 f - 19 rations


   Skills:
 + Level 9.6 Fighting
 * Level 11.6 Maces & Flails
 + Level 4.0 Armour
 + Level 3.9 Shields
 + Level 1.9 Invocations


You had 9 spell levels left.
You didn't know any spells.

Dungeon Overview and Level Annotations

Branches:
Dungeon (9/15)             Temple (1/1) D:4
   Lair: D:8-11         Orc: D:9-12

Altars:
Ashenzari
Cheibriados
Dithmenos
Elyvilon
Fedhas
Gozag
Hepliaklqana
Kikubaaqudgha
Makhleb
Nemelex Xobeh
Okawaru
Qazlal
Ru
Sif Muna
Trog
Uskayaw
Vehumet
Wu Jian
Xom
Yredelemnul
Zin
The Shining One

Annotations:
D:9 Joseph


Innate Abilities, Weirdness & Mutations

You are resistant to torment.
Your stone body is resilient. (AC +7)
You are immune to poison.
You resist negative energy. (rN+)
You are resistant to electric shocks. (rElec)
You can survive without breathing.
You are immune to petrification.
You are immune to rotting.


Message History

Joseph is heavily wounded.
Joseph zaps a wand.
The bolt of acid hits you!
* * * LOW HITPOINT WARNING * * *
The acid corrodes you!
You are splashed with acid!
The acid burns!
* * * LOW HITPOINT WARNING * * *
It was a potion of berserk rage.
A red film seems to cover your vision as you go berserk!
You feel yourself moving faster!
You feel mighty!
The hound zombie bites you but does no damage.
You block Joseph's attack.
The hound zombie bites you but does no damage.
You whack Joseph!
Joseph is severely wounded.
You whack Joseph!
Joseph looks as sick as possible!
Joseph is almost dead.
The hound zombie bites you but does no damage.
You hit Joseph.
Joseph looks as sick as possible!
Joseph is almost dead.
Joseph zaps a wand.
The bolt of acid hits you!
You die...

#######..........
................. ...
.................
.............#########
####.............#
..........[......#######
........................
.............<..........
................@.......
................@Z..../.
........................
........................
........................
........................
..#########|............
........................
..........


You could see Joseph and a hound zombie.

Vanquished Creatures
  The ghost of KristoblXynda the Carver, a novice NaGl of Ashenzari (D:6)
  A hippogriff (D:8)
  Sigmund (D:4)
  A spriggan (D:7)
  Eustachio (D:5)
  Menkaure (D:4)
  An orc warrior (D:5)
  A necrophage (D:8)
  4 ogres
  3 centaurs
  A big kobold (D:7)
  4 bullfrogs
  4 water moccasin zombies (Ossuary)
  5 scorpions
  4 howler monkeys (D:8)
  4 crimson imps
  2 bullfrog zombies
  A hound (D:7)
  5 orc priests
  4 orc wizards
  4 jellies
  2 centaur skeletons
  A bullfrog skeleton (D:7)
  Ijyb (D:3)
  Terence (D:3)
  5 worker ants
  A killer bee zombie (D:9)
  4 big kobold zombies (Ossuary)
  2 mummies (Ossuary)
  A howler monkey zombie (D:8)
  11 gnolls
  7 adders
  4 oozes (D:1)
  6 adder zombies (Ossuary)
  5 adder skeletons
  A worm (D:3)
  2 dart slugs
  8 leopard geckos
  28 orcs
  7 giant cockroaches
  4 gnoll zombies (Ossuary)
  6 goblins
  8 hobgoblins
  8 jackals
  10 kobolds
  A quokka (D:3)
  A ball python (D:7)
  3 bats (D:1)
  10 hobgoblin zombies (Ossuary)
  5 kobold zombies (Ossuary)
  5 orc zombies (Ossuary)
  A quokka skeleton (D:4)
  10 rats
  A spectral orc (D:3)
223 creatures vanquished.

Vanquished Creatures (others)
  An ogre (D:4)
  A worker ant (D:4)
  A gnoll (D:4)
  An adder (D:4)
  An orc (D:4)
  A quokka (D:4)
6 creatures vanquished.

Grand Total: 229 creatures vanquished

Notes
Turn   | Place    | Note
-------+----------+-------------------------------------------
     0 | D:1      | sankara the Gargoyle Fighter began the quest for the Orb.
     0 | D:1      | Reached XP level 1. HP: 14/14 MP: 1/1
    87 | D:1      | Reached XP level 2. HP: 19/19 MP: 2/2
   200 | D:1      | Reached skill level 3 in Maces & Flails
   200 | D:1      | Reached XP level 3. HP: 23/24 MP: 3/3
   947 | D:2      | Reached XP level 4. HP: 26/29 MP: 4/4
  1416 | D:3      | Reached skill level 4 in Maces & Flails
  1693 | D:3      | Reached XP level 5. HP: 31/34 MP: 5/5
  1740 | D:3      | Noticed Terence
  1777 | D:3      | Killed Terence
  1837 | D:3      | Reached skill level 5 in Maces & Flails
  1845 | D:3      | Reached XP level 6. HP: 26/40 MP: 6/6
  2025 | D:3      | Found a snail-covered altar of Cheibriados.
  2120 | D:3      | Found a basalt altar of Yredelemnul.
  2426 | D:3      | Found a deep blue altar of Sif Muna.
  2471 | D:4      | Noticed Ijyb
  2473 | D:4      | Paralysed by Ijyb for 3 turns
  2496 | D:4      | Reached skill level 5 in Fighting
  2516 | D:3      | Paralysed by Ijyb for 6 turns
  2534 | D:3      | Paralysed by Ijyb for 5 turns
  2550 | D:3      | Killed Ijyb
  2672 | D:4      | Noticed Sigmund
  2756 | D:4      | Killed Sigmund
  2756 | D:4      | Reached skill level 6 in Maces & Flails
  2756 | D:4      | Reached XP level 7. HP: 19/44 MP: 7/7
  3347 | D:4      | Found a shimmering altar of Xom.
  3359 | D:4      | Found a staircase to the Ecumenical Temple.
  3365 | Temple   | Entered the Ecumenical Temple
  3457 | Temple   | Became a worshipper of Makhleb the Destroyer
  3584 | D:4      | Noticed Menkaure
  3618 | D:4      | Killed Menkaure
  3618 | D:4      | Reached skill level 7 in Maces & Flails
  4171 | D:4      | Found a glowing golden altar of the Shining One.
  4390 | D:4      | Reached XP level 8. HP: 46/52 MP: 8/8
  4652 | D:4      | Found a shadowy altar of Dithmenos.
  4744 | D:5      | Entered Level 5 of the Dungeon
  4881 | D:5      | Reached * piety under Makhleb
  4947 | D:5      | Noticed Eustachio
  4995 | D:5      | Killed Eustachio
  4995 | D:5      | Reached skill level 8 in Maces & Flails
  5257 | D:6      | Found a glowing golden altar of the Shining One.
  5259 | D:6      | Found a stormy altar of Qazlal.
  5272 | D:6      | Noticed KristoblXynda's ghost (novice NaGl)
  6170 | D:6      | Killed KristoblXynda's ghost
  6170 | D:6      | Reached skill level 9 in Maces & Flails
  6170 | D:6      | Reached XP level 9. HP: 35/59 MP: 9/9
  6402 | D:6      | Found a shattered altar of Ashenzari.
  6959 | D:7      | Found a sand-covered staircase.
  6965 | Ossuary  | Entered an ossuary
  6997 | Ossuary  | Reached skill level 10 in Maces & Flails
  7050 | Ossuary  | Reached ** piety under Makhleb
  7210 | Ossuary  | Got a distressingly furry plate armour
  7211 | Ossuary  | Identified the cursed +0 plate armour of Wasted Space {*Drain +Fly rElec SInv} (You found it in an ossuary)
  7548 | D:7      | Reached skill level 11 in Maces & Flails
  7654 | D:7      | Reached *** piety under Makhleb
  8041 | D:7      | Reached XP level 10. HP: 66/66 MP: 10/10
  8260 | D:8      | Reached skill level 1 in Invocations
  8288 | D:8      | Found a blossoming altar of Fedhas.
  8289 | D:8      | Found a radiant altar of Vehumet.
  8290 | D:8      | Found an ancient bone altar of Kikubaaqudgha.
  8563 | D:8      | Reached **** piety under Makhleb
  8936 | D:9      | Found a glowing silver altar of Zin.
  8937 | D:9      | Found an opulent altar of Gozag.
  9026 | D:9      | Found a shattered altar of Ashenzari.
  9225 | D:9      | Noticed Joseph
  9251 | D:9      | Killed from afar by Joseph

Vault maps used:
D:1:      ncdulo_watergridlock
D:3:      kennysheep_slug_shrine, yredelemnul_forgotten_temple_becter,
          first_ration, small_statue_intersection, led_sif_pool, uniq_terence
D:4:      nicolae_overflow_hidden_temple, kennysheep_mini_moat,
          xom_confusion_cloud, minmay_temple_entry_fiery, st_stairs_14,
          uniq_ijyb, uniq_sigmund, uniq_menkaure
D:5:      uniq_eustachio
D:6:      old_standard_altar, basic_altar, minmay_strange_pillars,
          minmay_liquid_box, minmay_door_square, minmay_misc_feat_x,
          cheibrodos_ashenzari_chains
D:7:      nicolae_ossuary_entry_plus, the_bakery
D:8:      grunt_temple_overflow_open
D:9:      kennysheep_mini, grunt_temple_overflow_gold_and_silver,
          kennysheep_generic_room_14, uniq_joseph
Temple:   zaba_magenta_temple
Ossuary:  ossuary_tomb_2

Skill      XL: |  1  2  3  4  5  6  7  8  9 10 |
---------------+-------------------------------+-----
Maces & Flails | 3 4 5 6 7 9 11 | 11.6
Fighting       | 4 5 6 8 9 |  9.6
Invocations    | 1 |  1.9
Armour         | 4 |  4.0
Shields        | |  3.9

Action                   |  1- 3 |  4- 6 |  7- 9 | 10-12 || total
-------------------------+-------+-------+-------+-------++-------
Melee: Flail             |    90 |    50 |       |       ||   140
       Whip              |       |   289 |   676 |   128 ||  1093
 Fire: Hunting sling     |       |       |   169 |    64 ||   233
Throw: Tomahawk          |       |       |     3 |       ||     3
Evoke: Wand              |       |       |     2 |       ||     2
  Use: Potion            |       |     4 |     1 |     4 ||     9
       Scroll            |       |       |    18 |     2 ||    20
  Eat: Chunk             |       |     6 |    11 |     2 ||    19
       Ration            |       |       |     2 |     1 ||     3
Armor: Scale mail        |    26 |       |       |       ||    26
       Chain mail        |    27 |   160 |   329 |    77 ||   593
       Skin              |       |       |    12 |       ||    12
Dodge: Dodged            |    32 |    49 |   142 |    36 ||   259
Block: Shield            |    35 |   111 |   322 |    79 ||   547

Table legend:
 A = Spawn XP
 B = Non-spawn XP
 C = Spawn XP percentage of total XP
 D = Spawn monster count
 E = Non-spawn monster count
 F = Spawn count percentage of total count
 G = Total turns spent on level
                    A         B        C        D         E        F      G
               +---------+---------+-------+---------+---------+-------+---------
         Total |       0 |    6088 |   0.0 |       0 |     223 |   0.0 |  9251
               +---------+---------+-------+---------+---------+-------+---------
           D:1 |       0 |      55 |   0.0 |       0 |      20 |   0.0 |   510
           D:2 |       0 |      39 |   0.0 |       0 |       8 |   0.0 |   705
           D:3 |       0 |     300 |   0.0 |       0 |      37 |   0.0 |  1494
           D:4 |       0 |     824 |   0.0 |       0 |      35 |   0.0 |  1707
           D:5 |       0 |     697 |   0.0 |       0 |      12 |   0.0 |  1182
           D:6 |       0 |     888 |   0.0 |       0 |      12 |   0.0 |   951
           D:7 |       0 |    1382 |   0.0 |       0 |      34 |   0.0 |   978
           D:8 |       0 |    1214 |   0.0 |       0 |      22 |   0.0 |   797
           D:9 |       0 |     167 |   0.0 |       0 |       3 |   0.0 |   344
       Ossuary |       0 |     522 |   0.0 |       0 |      40 |   0.0 |   253
               +---------+---------+-------+---------+---------+-------+---------
